Map: Dusk Towers

Players

Neeb - Winner!

  • Race: Protoss Protoss

Hydra

  • Race: Zerg Zerg

Event: DreamHack Open Tours WCS Spring Championship

VOD

https://www.youtube.com/watch?v=gcJQ_2fudLY

Description

Time

  • Played on: May 15, 2016, 6:58 a.m.
  • Length: 13:52

All games in this series

Show
View Real Time Build Order
Export as new Build Order

Neeb Protoss - Winner!

Build Orders: Nexus First, Phoenix Opening 

Get SALT Encoding   

  12  0:00  Probe (Chrono Boost)  
  13  0:11  Probe (Chrono Boost)  
  14  0:16  Pylon  
  14  0:22  Probe (Chrono Boost)  
  15  0:35  Probe (Chrono Boost)  
  16  0:45  Probe (Chrono Boost)  
  17  0:57  Nexus  
  17  1:01  Probe (Chrono Boost)  
  18  1:11  Gateway  
  18  1:14  Probe (Chrono Boost)  
  19  1:20  Assimilator  
  19  1:24  Probe (Chrono Boost)  
  20  1:27  Assimilator  
  20  1:35  Probe (Chrono Boost)  
  20  1:39  Gateway  
  21  1:45  Probe (Chrono Boost)  
  22  1:56  Probe (Chrono Boost)  
  22  1:58  Cybernetics Core  
  23  2:09  Probe x2 (Chrono Boost)  
  25  2:19  Probe x2 (Chrono Boost)  
  28  2:30  Probe x2 (Chrono Boost)  
  28  2:34  Adept x2 (Chrono Boost)  
  28  2:35  Warp Gate  
  33  2:40  Stargate  
  33  2:41  Probe  
  34  2:44  Probe  
  34  2:50  Pylon  
  35  2:53  Probe (Chrono Boost)  
  35  2:56  Probe (Chrono Boost)  
  37  3:05  Probe (Chrono Boost), Pylon  
  38  3:08  Probe (Chrono Boost), Adept  
  38  3:11  Adept  
  43  3:15  Probe (Chrono Boost)  
  43  3:18  Probe (Chrono Boost)  
  45  3:24  Phoenix (Chrono Boost)  
  45  3:26  Probe  
  48  3:27  Probe  
  49  3:38  Probe, Mothership Core  
  49  3:39  Pylon  
  52  3:47  Phoenix (Chrono Boost)  
  54  3:56  Probe  
  54  3:59  Probe  
  56  4:06  Probe  
  56  4:08  Phoenix (Chrono Boost)  
  59  4:11  Probe  
  60  4:17  Probe, Pylon  
  60  4:23  Probe  
  62  4:34  Probe, Pylon x2  
  62  4:36  Phoenix (Chrono Boost)  
  62  4:37  Nexus  
  62  4:38  Assimilator x2  
  65  4:39  Probe, Pylon  
  65  4:44  Probe  
  66  4:52  Pylon  
  67  4:53  Probe  
  67  4:56  Probe  
  67  4:57  Phoenix (Chrono Boost)  
  71  5:05  Probe  
  71  5:06  Forge  
  72  5:07  Probe, Sentry  
  72  5:08  Zealot  
  77  5:14  Pylon  
  77  5:17  Probe x2  
  77  5:21  Gateway  
  79  5:28  Probe  
  79  5:29  Probe  
  79  5:35  Robotics Facility  
  80  5:37  Robotics Facility  
  80  5:38  Probe  
  80  5:40  Sentry  
  80  5:41  Probe  
  80  5:42  Sentry  
  86  5:48  Probe  
  86  5:49  Probe  
  87  5:51  Protoss Ground Weapons Level 1 (Chrono Boost)  
  87  5:53  Probe  
  87  5:54  Pylon  
  89  5:57  Photon Cannon  
  89  5:58  Probe  
  89  6:00  Probe  
  89  6:01  Assimilator  
  89  6:03  Zealot  
  93  6:04  Pylon  
  93  6:05  Probe  
  93  6:06  Assimilator  
  93  6:07  Zealot  
  93  6:11  Probe  
  96  6:12  Probe  
  96  6:17  Probe  
  99  6:21  Probe  
  99  6:22  Probe  
  101  6:27  Stalker  
  101  6:28  Stalker  
  101  6:30  Probe  
  106  6:32  Twilight Council  
  106  6:33  Immortal (Chrono Boost)  
  106  6:34  Observer (Chrono Boost)  
  111  6:49  Immortal (Chrono Boost)  
  115  6:55  Sentry, Pylon  
  115  6:56  Pylon  
  115  6:57  Sentry  
  119  7:05  Pylon  
  119  7:06  Immortal  
  119  7:08  Pylon  
  119  7:09  Gateway  
  119  7:11  Gateway  
  119  7:14  Gateway  
  123  7:15  Pylon  
  123  7:17  Pylon  
  123  7:19  Blink (Chrono Boost)  
  123  7:27  Protoss Ground Weapons Level 2  
  123  7:28  Immortal  
  123  7:29  Sentry, Gateway  
  125  7:30  Sentry x2  
  125  7:32  Gateway  
  125  7:36  Gateway  
  133  7:38  Gateway  
  133  7:40  Nexus  
  133  7:48  Warp Prism  
  135  7:57  Sentry  
  135  7:58  Sentry, Stalker  
  141  8:07  Stalker x2  
  145  8:16  Pylon  
  145  8:19  Pylon  
  145  8:28  Stalker x3  
  145  8:29  Stalker x3  
  157  8:34  Adept x2  
  157  8:35  Adept x2  
  159  8:53  Stalker  
  159  8:54  Stalker x6  
  159  8:55  Stalker  
  173  9:14  Stalker x2  
  169  9:31  Stalker x7  
  161  9:46  Stalker x3  
Show
View Real Time Build Order
Export as new Build Order

Hydra Zerg 

Build Orders: Hatch First 

Get SALT Encoding   

  12  0:00  Drone  
  13  0:12  Overlord  
  13  0:17  Drone  
  14  0:30  Drone x2  
  14  0:34  Drone  
  17  0:51  Hatchery  
  17  0:54  Drone  
  17  0:57  Drone  
  18  1:06  Drone  
  18  1:08  Extractor  
  18  1:16  Spawning Pool  
  17  1:19  Drone  
  18  1:28  Drone  
  19  1:41  Hatchery  
  19  1:45  Drone  
  19  1:49  Drone  
  20  2:03  Queen, Zergling x2  
  23  2:08  Metabolic Boost  
  23  2:12  Drone  
  23  2:15  Drone  
  25  2:18  Drone  
  26  2:24  Overlord  
  26  2:27  Drone  
  27  2:32  Drone  
  28  2:41  Queen  
  30  2:46  Pneumatized Carapace  
  30  2:47  Drone  
  30  2:50  Drone  
  32  2:54  Drone  
  32  2:57  Evolution Chamber  
  32  3:00  Zergling x4  
  32  3:01  Zergling x2  
  32  3:05  Zergling x2  
  36  3:08  Drone  
  36  3:11  Drone x2  
  39  3:15  Overlord  
  39  3:21  Drone  
  39  3:23  Drone  
  39  3:26  Drone  
  42  3:36  Drone  
  42  3:37  Drone x2  
  42  3:39  Zerg Melee Weapons Level 1, Queen  
  47  3:42  Drone  
  47  3:44  Drone  
  47  3:47  Drone  
  50  3:52  Overlord  
  49  4:03  Overlord  
  49  4:04  Drone  
  49  4:09  Queen  
  49  4:10  Drone  
  49  4:11  Drone  
  49  4:14  Overlord x2  
  52  4:22  Drone x4  
  52  4:23  Drone  
  56  4:24  Lair  
  56  4:28  Overlord  
  56  4:29  Drone x2  
  58  4:32  Drone  
  58  4:33  Overlord  
  58  4:35  Drone x2  
  61  4:40  Drone  
  61  4:41  Spore Crawler  
  61  4:42  Spore Crawler, Drone  
  61  4:43  Extractor  
  61  4:44  Drone  
  58  4:50  Zergling x6  
  58  4:52  Zergling x2  
  62  5:01  Drone  
  62  5:03  Drone x4  
  62  5:04  Spore Crawler, Drone x3  
  62  5:05  Drone x2  
  62  5:06  Extractor  
  70  5:13  Drone  
  71  5:15  Hatchery  
  71  5:17  Overlord x2  
  71  5:20  Drone  
  71  5:21  Extractor  
  71  5:25  Hydralisk Den  
  71  5:26  Zergling x4  
  71  5:31  Zergling x2  
  71  5:32  Zergling x4  
  71  5:33  Overlord  
  71  5:34  Overlord  
  71  5:35  Zerg Missile Weapons Level 1  
  74  5:37  Zergling x10  
  78  5:43  Extractor  
  77  5:54  Overlord  
  77  5:55  Hydralisk, Muscular Augments  
  79  6:00  Hydralisk  
  79  6:03  Drone x5  
  86  6:07  Drone x2  
  86  6:08  Drone x2  
  86  6:09  Drone x3  
  86  6:10  Drone x2  
  94  6:13  Extractor  
  94  6:16  Drone, Infestation Pit  
  91  6:19  Overlord, Baneling Nest  
  82  6:29  Hydralisk x2  
  85  6:33  Drone  
  85  6:34  Drone x2  
  85  6:35  Drone  
  85  6:37  Drone  
  90  6:42  Drone x2  
  90  6:43  Drone x2  
  90  6:44  Drone x2  
  95  6:49  Queen, Drone x2  
  95  6:50  Drone x5  
  95  6:53  Hive  
  95  6:54  Hydralisk  
  102  7:01  Hydralisk x3  
  102  7:04  Spore Crawler  
  102  7:05  Centrifical Hooks  
  107  7:12  Hydralisk x3  
  113  7:17  Overseer  
  113  7:18  Overseer  
  113  7:21  Hydralisk x2  
  117  7:26  Drone x3  
  117  7:28  Overlord x2  
  117  7:29  Extractor  
  119  7:30  Extractor  
  119  7:31  Zerg Melee Weapons Level 2  
  119  7:35  Drone x2  
  119  7:36  Overlord x2  
  119  7:47  Drone x4  
  119  7:50  Spire, Zergling x4  
  119  7:51  Zergling x4  
  126  7:58  Drone  
  125  7:59  Drone  
  125  8:00  Zergling x2  
  125  8:01  Zergling x14, Hatchery  
  133  8:15  Overseer, Adrenal Glands  
  133  8:17  Zergling x20  
  133  8:19  Baneling x8  
  142  8:37  Baneling x11  
  142  8:38  Baneling x14  
  136  8:52  Hydralisk x3  
  136  8:54  Overlord x2  
  142  9:00  Hydralisk  
  140  9:15  Hydralisk  
  140  9:16  Hydralisk x8  
  146  9:18  Zergling x2  
  146  9:19  Zergling x34  
  146  9:21  Zergling x6  
  155  9:24  Zergling x2  
  150  9:35  Hydralisk x4  
  149  9:41  Hydralisk x3  
  138  9:47  Hydralisk x4  

Tags
 
Add a new tag
Caveats
  • Supply blocks, unpowered buildings, or Contaminate may cause inaccurate times.
  • Supply counts are checked every 10 seconds.